 Dungeon Crawl Stone Soup version 0.25-a0-404-gc1b5a34292 (webtiles) character file.

Game seed: 8166914219600113498, levelgen mode: deterministic

90 MisterFreud the Skirmisher (level 4, -1/40 HPs)
             Began as a Formicid Abyssal Knight on Jan 12, 2020.
             Was a Believer of Lugonu.
             Killed from afar by Natasha (4 damage)
             ... with a magic dart
             ... on level 2 of the Dungeon.
             The game lasted 00:03:42 (2301 turns).

MisterFreud the Skirmisher (FoAK)                   Turns: 2301, Time: 00:03:43

Health: -1/40      AC:  0    Str: 18    XL:     4   Next: 85%
Magic:  5/5        EV: 18    Int: 11    God:    Lugonu [**....]
Gold:   101        SH:  0    Dex: 15    Spells: 3/3 levels left

rFire    . . .     SeeInvis .   (weapon currently unavailable)
rCold    . . .     Gourm    .   (shield currently unavailable)
rNeg     . . .     Faith    .   (armour currently unavailable)
rPois    .         Spirit   .   (helmet unavailable)
rElec    .         Reflect  .   (cloak currently unavailable)
rCorr    .         Harm     .   (gloves currently unavailable)
MR       .....                  (boots currently unavailable)
Stlth    +.........             (no amulet)
HPRegen  0.13/turn              (ring currently unavailable)
MPRegen  0.09/turn              (ring currently unavailable)

@: bat-form (expiring), flying, very quick
A: tiny, permanent stasis, dig shafts and tunnels, four strong arms
a: Depart the Abyss, Bend Space, Renounce Religion


You were on level 2 of the Dungeon.
You worshipped Lugonu.
Lugonu was pleased with you.
You were not hungry.
You were in bat-form.
You visited 1 branch of the dungeon, and saw 2 of its levels.
You visited the Abyss 1 time.

You collected 101 gold pieces.

Inventory:

Hand Weapons
 a - a +1 falchion
 d - a +2 dagger of venom (melded)
Missiles
 j - 63 stones (quivered)
 k - 55 arrows
 l - 15 sling bullets
 m - 19 bolts
Armour
 b - a +0 leather armour (melded)
Jewellery
 e - a ring of stealth (melded)
 r - a ring of protection from cold (melded)
Scrolls
 f - a scroll of amnesia {unknown}
 g - 2 scrolls of fear {unknown}
 h - 3 scrolls of teleportation {unknown}
 o - a scroll of fog {unknown}
 p - a scroll of identify {unknown}
Potions
 n - a potion of agility {unknown}
 q - a potion of lignification {unknown}
Comestibles
 c - 3 rations


   Skills:
 * Level 5.7 Fighting
 - Level 2.0 Long Blades
 - Level 2.2 Armour
 - Level 0.8 Dodging
 - Level 2.1 Invocations


You had 3 spell levels left.
You didn't know any spells.
Your spell library was empty.

Dungeon Overview and Level Annotations

Branches:
Dungeon (2/15)

Altars:

Annotations:
D:2 Natasha


Innate Abilities, Weirdness & Mutations

You cannot be hasted, slowed, berserked, paralysed or teleported.
You can dig through walls and to a lower floor.
Your four strong arms can wield two-handed weapons with a shield.
((You have a pair of large antennae on your head. (SInv)))


Message History

The now-empty wand crumbles to dust.
You closely miss Natasha.
Natasha is almost dead.
The crimson imp hits you.
* * * LOW HITPOINT WARNING * * *
Natasha completely misses you.
You barely miss Natasha.
Natasha is almost dead.
The crimson imp hits you.
* * * LOW HITPOINT WARNING * * *
Natasha completely misses you.
You hit Natasha but do no damage.
Natasha is almost dead.
The crimson imp hits you.
* * * LOW HITPOINT WARNING * * *
Natasha completely misses you.
The crimson imp disappears in a puff of smoke!
Natasha stares at you and mumbles some strange words.
The magic dart hits you.
You die...

......# #..
#.........## ......#
#.. #.........##
......# #...
#.........## .<....#
#...#####....##+####
......#
#............##.####
......#
#.###h..............
......#
#.#..ยง........#.....
......# #.#.........#
#..... .....##
#.#b......... #.....
.....#
#.'........####.....
.....#
###...........+.....
######
###.........).#.....
#.............#.....
#....###......#.....
#....# #......###'##
#....# #......# #.#
#....# #......###.##


You could see Natasha.

Vanquished Creatures
  4 adders
  2 worms (D:2)
  2 dart slugs
  3 leopard geckos
  An orc (D:2)
  A ball python (D:1)
  3 goblins
  3 hobgoblins
  5 kobolds
  A quokka (D:2)
  9 bats (D:1)
  2 frilled lizards (D:2)
  8 rats
44 creatures vanquished.

Notes
Turn   | Place    | Note
-------+----------+-------------------------------------------
     0 | Abyss:1  | MisterFreud the Formicid Abyssal Knight began the quest for
                  | the Orb.
     0 | Abyss:1  | Reached XP level 1. HP: 18/18 MP: 2/2
     0 | Abyss:1  | Noticed a ynoxinul
    11 | D:1      | Escaped the Abyss
   320 | D:1      | Reached XP level 2. HP: 25/25 MP: 3/3
   527 | D:1      | Reached skill level 4 in Fighting
   832 | D:1      | Reached XP level 3. HP: 31/31 MP: 4/4
   976 | D:1      | Reached ** piety under Lugonu
  1391 | D:2      | Reached skill level 5 in Fighting
  1394 | D:2      | Reached XP level 4. HP: 17/39 MP: 5/5
  2263 | D:2      | Noticed Natasha
  2301 | D:2      | Killed from afar by Natasha

Levels and vault maps discovered:
D:1:      matt_arrival_spirals, layout_basic
D:2:      layout_basic, uniq_natasha

Skill      XL: |  1  2  3 |
---------------+----------+-----
Fighting       | 4 5 |  5.7
Long Blades    | |  2.0
Armour         | |  2.2
Dodging        | |  0.8
Invocations    | |  2.1

Action                   |  1- 3 |  4- 6 || total
-------------------------+-------+-------++-------
Melee: Falchion          |    70 |    34 ||   104
       Unarmed           |       |    32 ||    32
       Dagger            |       |    25 ||    25
 Stab: Sleeping          |     4 |     1 ||     5
  Eat: Ration            |       |     1 ||     1
       Chunk             |       |     1 ||     1
Armor: Leather armour    |    34 |     9 ||    43
Dodge: Dodged            |    66 |    40 ||   106
       Rpst.: Falchion   |    19 |     6 ||    25

Table legend:
 A = Non-vault XP
 B = Vault XP
 C = Vault XP percentage of total XP
 D = Non-vault monster count
 E = Vault monster count
 F = Vault count percentage of total count
                 A         B        C        D         E       F
            +---------+---------+-------+---------+---------+-------
      Total |     129 |       0 |   0.0 |      44 |       0 |   0.0
            +---------+---------+-------+---------+---------+-------
        D:1 |      51 |       0 |   0.0 |      24 |       0 |   0.0
        D:2 |      78 |       0 |   0.0 |      20 |       0 |   0.0
            +---------+---------+-------+---------+---------+-------
